 Dungeon Crawl Stone Soup version 0.26.1-2-gb8aa6d0cf2 (webtiles) character file.

Game seed: 14696140509141280972

381 Ladykiller69 the Skirmisher (level 6, 0/66 HPs)
             Began as an Ogre Hunter on Mar 15, 2021.
             Succumbed to an adder's poison
             ... on level 4 of the Dungeon.
             The game lasted 00:11:50 (6022 turns).

Ladykiller69 the Skirmisher (Ogre Hunter)           Turns: 6022, Time: 00:11:50

Health: 0/66       AC:  3    Str: 19    XL:     6   Next: 75%
Magic:  6/6        EV: 10    Int: 12    God:
Gold:   135        SH:  0    Dex:  9    Spells: 5/5 levels left

rFire    . . .     SeeInvis .   v - +0 flail
rCold    . . .     Faith    .   (no shield)
rNeg     . . .     Spirit   .   b - +0 robe
rPois    .         Reflect  .   (helmet restricted)
rElec    .         Harm     .   (no cloak)
rCorr    .         Rampage  .   (gloves unavailable)
Will     .....                  (boots unavailable)
Stlth    +.........             (no amulet)
HPRegen  0.21/turn              (no ring)
MPRegen  0.10/turn              (no ring)

@: lethally poisoned (0 -> -2)
A: large, unfitting armour, tough skin 1
a: no special abilities


You were on level 4 of the Dungeon.
You visited 1 branch of the dungeon, and saw 4 of its levels.

You collected 135 gold pieces.

Inventory:

Hand Weapons
 v - a +0 flail (weapon)
Missiles
 c - 5 large rocks
 q - 99 stones (quivered)
Armour
 b - a +0 robe (worn)
Jewellery
 a - a cursed -4 ring of protection {unknown}
 p - an uncursed ring of poison resistance {unknown}
 x - a +6 ring of strength {unknown}
Wands
 d - a wand of digging (6)
 s - a wand of enslavement (8)
 w - a wand of flame (20)
 y - a wand of iceblast (9)
Scrolls
 f - 3 scrolls of magic mapping {unknown}
 g - 6 scrolls of identify {unknown}
 h - 2 scrolls of remove curse {unknown}
 i - a scroll of noise {unknown}
 m - a scroll of fear {unknown}
 t - 2 scrolls of enchant armour {unknown}
Potions
 e - a potion of haste {unknown}
 j - a potion of curing {unknown}
 k - a potion of magic {unknown}
 l - 3 potions of flight {unknown}
 n - a potion of brilliance {unknown}
 o - 2 potions of heal wounds {unknown}
 r - a potion of invisibility {unknown}
 u - a potion of lignification {unknown}
 z - a potion of attraction {unknown}


   Skills:
 + Level 5.3 Fighting
 * Level 4.1 Maces & Flails
 - Level 4.0 Throwing
 - Level 3.1 Dodging
 - Level 0.6 Stealth


You had 5 spell levels left.
You didn't know any spells.
Your spell library was empty.

Dungeon Overview and Level Annotations

Branches:
Dungeon (4/15)
 Temple: D:4-7

Altars:
Xom


Innate Abilities, Weirdness & Mutations

You are too large for most types of armour.
You have tough skin. (AC +1)


Message History

You are poisoned.
The adder poisons you!
You closely miss the adder.
You feel less confused.
You feel sick.
The orc priest calls down the wrath of Beogh upon you.
Beogh smites you!
* * * LOW HITPOINT WARNING * * *
The orc wizard closely misses you. The adder barely misses you.
The orc wizard points at itself and mumbles some strange words.
The orc wizard flickers and vanishes!
Deactivating autopickup; reactivate with Ctrl-A.
You feel sick. The adder bites you.
* * * LOW HITPOINT WARNING * * *
The orc priest mumbles some strange prayers to Beogh against you.
Beogh smites you!
* * * LOW HITPOINT WARNING * * *
The adder barely misses you.
You die...

###### ######....#
...#...(#....###
.............@.#######
(((#......o..#........ <####
. #......oS.#.....### ...>.
#(...######.....# ##### ...
#....# #.....# ### ... #....#
#.###.# ####.. ...#.....##
#.###.######....# #........#
#.##.........##..
##.#.###.####.##..........<..


You could see an orc priest, an adder and an orc.

Vanquished Creatures
  A sky beast (D:3)
  An ogre (D:4)
  An iguana (D:4)
  4 gnolls
  5 adders
  An ooze (D:3)
  2 worms (D:2)
  2 dart slugs
  4 leopard geckos
  8 orcs (D:3)
  9 bats
  4 giant cockroaches
  8 hobgoblins
  2 quokkas
  7 frilled lizards
  7 goblins
  7 kobolds
  5 rats
78 creatures vanquished.

Notes
Turn   | Place    | Note
-------+----------+-------------------------------------------
     0 | D:1      | Ladykiller69 the Ogre Hunter began the quest for the Orb.
     0 | D:1      | Reached XP level 1. HP: 22/22 MP: 1/1
   235 | D:1      | Reached skill level 3 in Fighting
   363 | D:1      | Reached XP level 2. HP: 27/31 MP: 2/2
   767 | D:1      | Reached skill level 1 in Maces & Flails
  1348 | D:2      | Reached XP level 3. HP: 27/37 MP: 3/3
  2379 | D:2      | Reached XP level 4. HP: 12/48 MP: 4/4
  2968 | D:2      | Reached skill level 4 in Fighting
  3683 | D:3      | Reached XP level 5. HP: 53/54 MP: 5/5
  3880 | D:3      | Found a shimmering altar of Xom.
  4977 | D:3      | Noticed a sky beast
  5008 | D:3      | Killed a sky beast
  5009 | D:3      | Reached XP level 6. HP: 7/65 MP: 6/6
  5582 | D:4      | Reached skill level 5 in Fighting
  6021 | D:4      | HP: 1/66 [orc priest/divine providence (14)]
  6022 | D:4      | Succumbed to an adder's poison

Illustrated notes

Levels and vault maps discovered:
D:1:      amcnicky_arrival_choice, layout_basic, minmay_pentomino_p4
D:2:      layout_basic, kennysheep_pointless_box
D:3:      layout_loops_ring, minmay_crystal_room, tgw_xom
D:4:      layout_rooms, general_overflow_altar,
          minmay_temple_entry_statues_fountains

Skill      XL: |  1  2  3  4  5  6 |
---------------+-------------------+-----
Fighting       | 3 4 5 |  5.3
Dodging        | 2 3 |  3.1
Maces & Flails | 1 2 3 4 |  4.1
Throwing       | |  4.0
Stealth        | |  0.6

Action                   |  1- 3 |  4- 6 || total
-------------------------+-------+-------++-------
Melee: Whip              |   126 |   160 ||   286
       Short sword       |     9 |       ||     9
       Flail             |       |    56 ||    56
Throw: Large rock        |     1 |     3 ||     4
       Stone             |       |   114 ||   114
       Throwing net      |       |     2 ||     2
 Stab: Sleeping          |     1 |     1 ||     2
Armor: Robe              |    34 |    36 ||    70
Dodge: Dodged            |    83 |    94 ||   177
